 Dungeon Crawl Stone Soup version 0.21.0-24-g2553a33 (webtiles) character file.

368 Gorglomux the Ducker (level 6, 0/53 HPs)
             Began as a Minotaur Air Elementalist on Jan 20, 2018.
             Was a Follower of Okawaru.
             Succumbed to a scorpion's poison
             ... on level 4 of the Dungeon.
             The game lasted 00:08:53 (2862 turns).

Gorglomux the Ducker (Minotaur Air Elementalist)    Turns: 2862, Time: 00:08:54

Health: 0/53       AC:  9    Str: 15    XL:     6   Next: 41%
Magic:  7/7        EV: 13    Int: 12    God:    Okawaru [*.....]
Gold:   173        SH:  0    Dex: 10    Spells: 6/7 levels left

rFire    + . .     SeeInvis .   U - +1 short sword (drain)
rCold    + . .     Gourm    .   (no shield)
rNeg     . . .     Faith    .   i - +0 chain mail
rPois    .         Spirit   .   (helmet restricted)
rElec    .         Reflect  .   g - scarf {rC+ rF+}
rCorr    .         Harm     .   (no gloves)
MR       .....                  (no boots)
Stlth    ..........             (no amulet)
HPRegen  0.17/turn              W - +5 ring of evasion
MPRegen  0.10/turn              n - ring of loudness (curse)

@: lethally poisoned (0 -> -1), drained
A: retaliatory headbutt, horns 2, mutation resistance 1
a: Heroism, Renounce Religion


You were on level 4 of the Dungeon.
You worshipped Okawaru.
Okawaru was aware of your devotion.
You were not hungry.

You visited 1 branch of the dungeon, and saw 4 of its levels.

You collected 173 gold pieces.

Inventory:

Hand Weapons
 U - a +1 short sword of draining (weapon)
Armour
 g - a scarf of resistance (worn)
 i - a +0 chain mail (worn)
Jewellery
 n - a cursed ring of loudness (right hand)
 W - a +5 ring of evasion (left hand)
Scrolls
 p - a scroll of blinking {unknown}
 R - a scroll of identify
 T - 2 scrolls of teleportation
 X - a scroll of enchant armour {unknown}
Potions
 Z - a potion of might
Books
 b - a book of Air

   Spells                             Type                      Level
   a - Shock                          Conjuration/Air              1
   b - Swiftness                      Charms/Air                   2
   c - Static Discharge               Conjuration/Air              3
   d - Airstrike                      Air                          4
   e - Lightning Bolt                 Conjuration/Air              5
Comestibles
 c - 5 rations
 S - 9 chunks of flesh


   Skills:
 + Level 4.3(4.1) Fighting
 + Level 4.2(4.0) Armour
 + Level 4.7(4.4) Dodging
 - Level 1.5(1.3) Stealth
 - Level 1.3(1.1) Spellcasting
 - Level 0.6(0.4) Conjurations
 - Level 2.1(1.9) Air Magic


You had 6 spell levels left.
You knew the following spells:

 Your Spells              Type           Power        Failure   Level  Hunger
a - Shock                 Conj/Air       #...         98%         1    ##.....


Dungeon Overview and Level Annotations

Branches:
Dungeon (4/15)
 Temple: D:4-7

Altars:
Dithmenos
Okawaru
Ru
Uskayaw


Innate Abilities, Weirdness & Mutations

You reflexively headbutt those who attack you in melee.
You have a pair of horns on your head.
You are somewhat resistant to further mutation.


Message History

You start resting!
You feel sick! x2
You feel less wooden!
Your scarf of resistance unmelds from your body!
Your +0 chain mail unmelds from your body!
You butt resistant to extremes of temperature! * * * don't die
* * * Butt feel butt!
Okay, then!
Okay, then!
Really quaff
V - a potion of mutation {!!.q}?
You feel extremely strange!
You feel genetically stable!
Unknown command! * * * butt't die
* * * You feel sick! * * * don't die
* * * You feel sick!
Some of the chunks of flesh in your inventory butt rotted away! rip

#.####((#.### #.#
#..#.## ###
#.####.....#######<#
#.##...!#..#.).).#.##
##.#....#..##)...#..#
#.#....#...')...##.#
#.#....#.###.......#
#......#.# #...#####
##..@..#.# #......#
#......#.# #......#
#........# #......#
#........# #...####
#.......(###..[#
#..#..#...##...#
#..##.##..######
#####.....# #.....#


There were no monsters in sight!

Vanquished Creatures
  An ogre (D:4)
  A scorpion (D:4)
  An orc priest (D:4)
  An iguana (D:4)
  A worker ant (D:4)
  A hound skeleton (D:4)
  5 adders
  An ooze (D:1)
  4 worms
  3 dart slugs (D:1)
  4 leopard geckos
  6 orcs (D:4)
  2 giant cockroaches
  4 goblins
  7 hobgoblins
  8 jackals
  2 ball pythons
  2 bats (D:2)
  4 frilled lizards
  10 kobolds
  6 rats
74 creatures vanquished.

Notes
Turn   | Place    | Note
-------+----------+-------------------------------------------
     0 | D:1      | Gorglomux the Minotaur Air Elementalist began the quest for the Orb.
     0 | D:1      | Reached XP level 1. HP: 14/14 MP: 1/1
   186 | D:1      | Reached skill level 1 in Fighting
   186 | D:1      | Reached skill level 1 in Armour
   186 | D:1      | Reached XP level 2. HP: 14/23 MP: 0/3
   790 | D:1      | Reached XP level 3. HP: 26/29 MP: 4/4
  1112 | D:2      | Reached skill level 3 in Dodging
  1252 | D:2      | Found an iron altar of Okawaru.
  1260 | D:2      | Became a worshipper of Warmaster Okawaru
  1496 | D:2      | Noticed a hand axe
  1497 | D:2      | Noticed a hand axe
  1504 | D:2      | Found a hide-covered altar of Uskayaw.
  1548 | D:2      | Found a shadowy altar of Dithmenos.
  1761 | D:3      | Reached XP level 4. HP: 33/37 MP: 5/5
  2284 | D:3      | Reached skill level 3 in Fighting
  2421 | D:3      | Found a sacrificial altar of Ru.
  2492 | D:4      | Noticed a hungry ghost
  2630 | D:4      | Reached skill level 3 in Armour
  2638 | D:4      | Reached XP level 5. HP: 45/45 MP: 6/6
  2762 | D:4      | Noticed an ogre
  2794 | D:4      | Killed an ogre
  2794 | D:4      | Reached XP level 6. HP: 36/52 MP: 7/7
  2812 | D:4      | Reached * piety under Okawaru
  2846 | D:4      | HP: 3/79 [poisoned by a scorpion]
  2851 | D:4      | HP: 2/53 [poisoned by a scorpion]
  2852 | D:4      | Gained mutation: You are somewhat resistant to further mutation. [potion of mutation]
  2858 | D:4      | HP: 1/53 [poisoned by a scorpion]
  2862 | D:4      | Succumbed to a scorpion's poison

Skill      XL: |  1  2  3  4  5  6 |
---------------+-------------------+-----
Fighting       | 1 2 3 4 |  4.3
Armour         | 1 2 3 4 |  4.2
Dodging        | 3 4 |  4.7
Stealth        | |  1.5
Spellcasting   | |  1.3
Conjurations   | |  0.6
Air Magic      | |  2.1

Action                   |  1- 3 |  4- 6 || total
-------------------------+-------+-------++-------
Melee: Dagger            |   130 |    16 ||   146
       Headbutt          |    22 |    11 ||    33
       Short sword       |       |    96 ||    96
 Cast: Shock             |     8 |       ||     8
Invok: Heroism           |       |     1 ||     1
  Use: Scroll            |     6 |     4 ||    10
       Potion            |     1 |     2 ||     3
  Eat: Chunk             |     3 |     7 ||    10
Armor: Robe              |     8 |       ||     8
       Chain mail        |    67 |    57 ||   124
       Skin              |       |     4 ||     4
Dodge: Dodged            |    58 |    58 ||   116
